Map: Romanticide LE

Players

Harstem

  • Race: Protoss Protoss

MaNa - Winner!

  • Race: Protoss Protoss

Event: DreamHack SC2 Masters 2021 Fall

VOD

Have the link to the VOD?

Description

Time

  • Played on: July 28, 2021, 12:21 p.m.
  • Length: 10:01

All games in this series

Show
View Real Time Build Order
Export as new Build Order

Harstem Protoss 

Build Orders: Phoenix Opening, Blink Stalkers, Zealot Archon 

Get SALT Encoding   

  12  0:00  Probe  
  13  0:12  Probe  
  14  0:17  Pylon  
  14  0:24  Probe (Chrono Boost)  
  15  0:36  Gateway, Probe (Chrono Boost)  
  16  0:44  Probe (Chrono Boost)  
  16  0:47  Assimilator  
  17  0:51  Probe  
  18  0:59  Assimilator  
  18  1:03  Probe (Chrono Boost)  
  19  1:08  Gateway  
  19  1:13  Probe (Chrono Boost)  
  19  1:18  Probe (Chrono Boost)  
  21  1:25  Cybernetics Core  
  21  1:29  Probe  
  22  1:38  Pylon  
  22  1:41  Probe  
  23  1:56  Probe  
  24  2:03  Sentry, Stalker  
  24  2:05  Warp Gate (Chrono Boost)  
  28  2:13  Pylon  
  28  2:14  Probe  
  29  2:31  Pylon  
  29  2:39  Nexus, Sentry, Phoenix  
  29  2:42  Probe  
  32  2:49  Shield Battery  
  32  2:54  Probe  
  32  2:56  Sentry  
  35  3:06  Probe (Chrono Boost)  
  35  3:07  Pylon  
  36  3:14  Twilight Council  
  36  3:18  Phoenix, Probe (Chrono Boost)  
  37  3:23  Probe (Chrono Boost)  
  38  3:35  Forge  
  38  3:38  Probe  
  39  3:46  Stalker  
  39  3:47  Stalker  
  43  3:53  Probe (Chrono Boost)  
  43  3:54  Blink (Chrono Boost)  
  43  3:55  Probe (Chrono Boost)  
  46  4:03  Probe (Chrono Boost)  
  46  4:05  Probe (Chrono Boost)  
  46  4:08  Probe  
  47  4:11  Stalker  
  47  4:15  Probe  
  47  4:16  Protoss Ground Weapons Level 1 (Chrono Boost)  
  51  4:20  Probe  
  51  4:23  Assimilator  
  52  4:27  Probe  
  53  4:31  Stalker  
  53  4:32  Probe  
  53  4:33  Pylon  
  56  4:39  Probe  
  56  4:44  Probe  
  58  4:50  Nexus  
  58  4:51  Probe  
  59  4:59  Probe  
  60  5:00  Robotics Facility  
  60  5:03  Phoenix  
  60  5:04  Probe  
  61  5:08  Stalker  
  61  5:13  Probe  
  64  5:16  Stalker  
  64  5:17  Probe  
  64  5:19  Pylon x2  
  67  5:26  Probe  
  68  5:32  Probe  
  69  5:38  Gateway  
  69  5:39  Probe  
  69  5:40  Gateway  
  70  5:44  Pylon, Probe  
  70  5:46  Shield Battery  
  70  5:47  Observer  
  70  5:48  Stalker  
  74  5:51  Probe  
  75  5:57  Pylon  
  75  6:01  Probe  
  75  6:04  Probe x2 (Chrono Boost)  
  77  6:06  Charge  
  77  6:10  Gateway  
  78  6:12  Gateway  
  78  6:14  Protoss Ground Weapons Level 2 (Chrono Boost)  
  78  6:16  Probe (Chrono Boost)  
  81  6:18  Phoenix, Probe (Chrono Boost)  
  81  6:22  Probe (Chrono Boost)  
  81  6:25  Gateway, Probe (Chrono Boost)  
  82  6:28  Probe (Chrono Boost)  
  82  6:30  Probe (Chrono Boost)  
  82  6:31  Probe  
  82  6:32  Observer  
  84  6:34  Assimilator  
  84  6:37  Templar Archives  
  84  6:38  Probe  
  86  6:40  Gateway  
  86  6:43  Pylon  
  86  6:45  Photon Cannon, Warp Prism  
  88  6:52  Zealot x3  
  59  6:54  Phoenix  
  94  7:08  Probe  
  95  7:13  High Templar x2  
  95  7:14  Zealot x3  
  95  7:15  Nexus  
  105  7:16  Pylon  
  105  7:18  Pylon, Archon  
  105  7:25  High Templar x2  
  105  7:26  Probe  
  105  7:29  Gateway x2, Probe  
  111  7:31  Pylon  
  111  7:35  Archon  
  111  7:36  Probe  
  112  7:38  Probe  
  112  7:40  Zealot x3  
  112  7:41  Zealot  
  121  7:44  Probe  
  121  7:47  Shield Battery  
  121  7:51  High Templar x2  
  126  7:55  Archon  
  126  7:57  Zealot x2  
  126  7:58  Probe  
  131  7:59  Pylon  
  131  8:00  Assimilator, Probe  
  131  8:04  Zealot x4  
  138  8:15  Probe  
  138  8:18  Pylon, High Templar x2  
  143  8:21  Probe  
  143  8:22  Pylon  
  143  8:24  Archon  
  143  8:25  Zealot x5  
  154  8:27  Assimilator, Zealot  
  156  8:40  Probe  
  158  8:41  Probe  
  158  8:44  Photon Cannon, Robotics Bay  
  158  8:47  Photon Cannon, Robotics Facility  
  158  8:48  Zealot x2  
  160  8:56  Photon Cannon, Zealot x2  
  160  8:57  Zealot  
  160  9:00  High Templar x2  
  170  9:04  Archon  
  170  9:06  Photon Cannon  
  170  9:08  Photon Cannon  
  170  9:15  Zealot x2  
  170  9:16  Zealot  
  170  9:17  Zealot  
  158  9:22  Probe  
  159  9:24  Zealot  
  159  9:25  Pylon  
  159  9:27  Probe  
  159  9:29  Zealot x3  
  164  9:37  Zealot x4  
  144  9:39  Zealot x2  
  110  9:46  Zealot  
  110  9:50  Zealot x3  
Show
View Real Time Build Order
Export as new Build Order

MaNa Protoss - Winner!

Build Orders: Oracle Opening, Phoenix Opening, Archon Immortal 

Get SALT Encoding   

  12  0:00  Probe  
  13  0:12  Probe  
  14  0:17  Pylon  
  14  0:24  Probe (Chrono Boost)  
  15  0:36  Probe (Chrono Boost)  
  15  0:37  Gateway  
  16  0:44  Probe (Chrono Boost)  
  16  0:45  Assimilator  
  17  0:50  Probe  
  18  1:03  Probe (Chrono Boost)  
  19  1:04  Assimilator  
  20  1:11  Gateway  
  20  1:12  Probe (Chrono Boost)  
  20  1:17  Probe (Chrono Boost)  
  20  1:25  Cybernetics Core  
  21  1:29  Probe  
  22  1:33  Pylon  
  22  1:41  Probe  
  23  1:53  Probe  
  24  2:02  Stalker, Warp Gate  
  24  2:04  Sentry  
  24  2:06  Probe  
  29  2:16  Pylon  
  29  2:33  Stargate  
  29  2:36  Phoenix  
  29  2:40  Stalker  
  31  2:49  Nexus  
  31  2:55  Shield Battery  
  31  2:59  Probe  
  32  3:11  Probe  
  33  3:14  Oracle (Chrono Boost)  
  33  3:19  Pylon  
  36  3:23  Probe (Chrono Boost)  
  37  3:32  Probe (Chrono Boost)  
  38  3:37  Probe (Chrono Boost)  
  39  3:44  Oracle  
  42  3:48  Forge  
  42  3:49  Probe  
  43  4:01  Probe (Chrono Boost)  
  45  4:07  Probe (Chrono Boost)  
  45  4:08  Robotics Facility  
  46  4:11  Probe (Chrono Boost)  
  46  4:15  Probe (Chrono Boost)  
  46  4:16  Probe (Chrono Boost)  
  47  4:21  Protoss Ground Weapons Level 1  
  48  4:27  Probe (Chrono Boost)  
  50  4:31  Probe (Chrono Boost)  
  50  4:35  Probe (Chrono Boost)  
  50  4:37  Pylon  
  52  4:39  Probe (Chrono Boost)  
  52  4:42  Probe  
  52  4:44  Nexus  
  53  4:50  Probe  
  54  4:54  Probe  
  54  4:59  Observer  
  56  5:02  Probe  
  56  5:05  Pylon  
  56  5:06  Probe (Chrono Boost)  
  58  5:09  Assimilator  
  58  5:11  Assimilator  
  58  5:14  Probe (Chrono Boost)  
  58  5:18  Probe (Chrono Boost)  
  58  5:20  Pylon  
  58  5:21  Immortal  
  64  5:25  Probe (Chrono Boost)  
  64  5:27  Probe (Chrono Boost)  
  66  5:30  Probe (Chrono Boost)  
  66  5:32  Probe  
  68  5:40  Probe  
  69  5:44  Probe  
  69  5:48  Gateway x2  
  70  5:52  Twilight Council, Probe  
  70  5:56  Probe  
  72  6:02  Probe  
  72  6:03  Observer  
  72  6:04  Probe, Immortal (Chrono Boost)  
  77  6:08  Probe  
  79  6:13  Assimilator, Pylon  
  79  6:14  Probe  
  79  6:16  Probe  
  79  6:17  Assimilator  
  79  6:18  Protoss Ground Weapons Level 2 (Chrono Boost), Gateway x2  
  81  6:20  Probe  
  82  6:31  Probe x2  
  82  6:32  Charge  
  84  6:37  Templar Archives  
  84  6:40  Immortal (Chrono Boost)  
  84  6:43  Probe x3  
  84  6:45  Pylon  
  91  6:53  Shield Battery  
  91  6:55  Probe  
  91  7:00  Gateway  
  92  7:01  Gateway  
  92  7:05  Gateway x2  
  92  7:06  Probe x2  
  92  7:07  Probe  
  95  7:11  Observer  
  95  7:17  High Templar x3  
  95  7:18  High Templar  
  95  7:20  Nexus  
  95  7:22  High Templar x2, Archon  
  107  7:23  Archon  
  107  7:25  Observer, Immortal (Chrono Boost)  
  107  7:29  Archon  
  111  7:32  Pylon  
  111  7:35  Pylon  
  111  7:36  Pylon  
  111  7:41  Pylon  
  111  7:42  Pylon  
  111  7:43  Photon Cannon  
  111  7:50  High Templar x2  
  111  7:51  Zealot x2  
  117  7:55  Archon, Zealot x2  
  117  7:56  Warp Prism (Chrono Boost)  
  125  8:08  High Templar x2  
  125  8:09  Zealot x2  
  133  8:13  Archon  
  133  8:14  Zealot x2  
  133  8:18  Zealot x2  
  141  8:23  High Templar x2  
  141  8:24  Shield Battery  
  141  8:25  Photon Cannon  
  145  8:27  Archon  
  145  8:30  Zealot x2  
  149  8:36  Zealot x2  
  149  8:41  Zealot x3  
  159  8:45  Zealot  
  159  8:46  Photon Cannon  
  161  8:57  Pylon  
  161  8:59  Pylon  
  161  9:01  High Templar x4, Zealot  
  171  9:05  Archon  
  171  9:06  Archon  
  170  9:12  Stalker  
  153  9:22  Zealot  
  153  9:23  Zealot x4  
  156  9:36  Zealot x2  
  156  9:37  Zealot x3  
  130  9:49  Zealot x5  

Tags
 
Add a new tag
Caveats
  • Supply blocks, unpowered buildings, or Contaminate may cause inaccurate times.
  • Supply counts are checked every 10 seconds.